 Dungeon Crawl Stone Soup version 0.23-a0-512-g50a8178 (webtiles) character file.

31 galech the Skirmisher (level 3, 19/29 HPs)
             Began as a Demonspawn Fighter on Dec 4, 2018.
             Quit the game on level 1 of the Dungeon.
             The game lasted 00:01:05 (485 turns).

galech the Skirmisher (Demonspawn Fighter)           Turns: 485, Time: 00:01:06

Health: 19/29      AC:  6    Str: 16    XL:     3   Next: 7%
Magic:  12/12      EV:  6    Int:  9    God:
Gold:   27         SH:  9    Dex: 13    Spells: 2/2 levels left

rFire    . . .     SeeInvis .   a - +0 war axe
rCold    . . .     Gourm    .   c - +0 shield
rNeg     . . .     Faith    .   b - +0 scale mail
rPois    .         Spirit   .   (no helmet)
rElec    .         Reflect  .   (no cloak)
rCorr    .         Harm     .   (no gloves)
MR       .....                  (no boots)
Stlth    ..........             (no amulet)
HPRegen  0.09/turn              g - ring of magical power
MPRegen  0.13/turn              (no ring)

@: no status effects
A: hooves 1, spiny 1
a: no special abilities


You were on level 1 of the Dungeon.
You were not hungry.

You visited 1 branch of the dungeon, and saw 1 of its levels.

You collected 27 gold pieces.

Inventory:

Hand Weapons
 a - a +0 war axe (weapon)
Armour
 b - a +0 scale mail (worn)
 c - a +0 shield (worn)
Jewellery
 g - a ring of magical power (left hand)
Scrolls
 e - a scroll of teleportation {unknown}
Potions
 d - a potion of might
 i - a potion of flight {unknown}
Comestibles
 f - 2 rations
 h - 4 chunks of flesh


   Skills:
 + Level 3.2 Fighting
 + Level 2.1 Axes
 + Level 3.2 Armour
 + Level 3.0 Shields


You had 2 spell levels left.
You didn't know any spells.
Your spell library was empty.

Dungeon Overview and Level Annotations

Branches:
Dungeon (1/15)

Altars:


Innate Abilities, Weirdness & Mutations

You have large cloven feet.
You are partially covered in sharp spines.


Message History

The hobgoblin is almost dead.
The hobgoblin hits you but does no damage.
You slash the hobgoblin!
You kill the hobgoblin!
The frilled lizard bites you but does no damage.
You hit the frilled lizard.
You kill the frilled lizard!
No target in view!
You see here a frilled lizard corpse.
You butcher the frilled lizard corpse.
h - 3 chunks of flesh (gained 1)
You see here a frilled lizard skeleton.
i - a cyan potion
Things that are here:
a +0 dagger; a goblin corpse You butcher the goblin corpse.
h - 4 chunks of flesh (gained 1)
Things that are here:
a +0 dagger; a goblin skeleton Are you sure you want to abandon this character and quit the game? (Confirm

#####.≈≈≈≈≈≈..#
#.....≈≈≈≈≈≈.. #.#
#..≈≈≈≈≈.# #.#
#..≈≈≈≈..# #.#
#.......# .######.#
#.#..#÷#
......#.###.#..#.#
.........>#.#..#.######
........#).#....@.....#
#####.###..#..#)......#
......#
#...#.#...#.....
####..#
#...#...#.#..... #..#
#....#..#....... #..#
#....#......##.. #..#
#.....#......... #..#
#.#...#.#..##. #..#


There were no monsters in sight!

Vanquished Creatures
  A gnoll (D:1)
  A dart slug (D:1)
  A giant cockroach (D:1)
  A goblin (D:1)
  5 hobgoblins (D:1)
  4 bats (D:1)
  5 frilled lizards (D:1)
  2 kobolds (D:1)
  A rat (D:1)
21 creatures vanquished.

Notes
Turn   | Place    | Note
-------+----------+-------------------------------------------
     0 | D:1      | galech the Demonspawn Fighter began the quest for the Orb.
     0 | D:1      | Reached XP level 1. HP: 18/18 MP: 1/1
    36 | D:1      | Gained mutation: You have large cloven feet. [demonic
                  | ancestry]
    36 | D:1      | Reached XP level 2. HP: 11/24 MP: 2/2
   467 | D:1      | Gained mutation: You are partially covered in sharp spines.
                  | [demonic ancestry]
   467 | D:1      | Reached XP level 3. HP: 18/29 MP: 3/3
   485 | D:1      | Quit the game

Vault maps used:
D:1:      dpeg_arrival_long_road, hangedman_decor_peaks_small,
          chequers_serial_rivers_micro_d, minmay_lizard_pond

Skill      XL: |  1  2 |
---------------+-------+-----
Armour         | 3 |  3.2
Axes           | 2 |  2.1
Shields        | 3 |  3.0
Fighting       | |  3.2

Action                   || total
-------------------------++-------
Melee: War axe           ||    59
       Kick              ||     7
Armor: Scale mail        ||    27
Dodge: Dodged            ||    14
Block: Shield            ||    33

Table legend:
 A = Non-vault XP
 B = Vault XP
 C = Vault XP percentage of total XP
 D = Non-vault monster count
 E = Vault monster count
 F = Vault count percentage of total count
                 A         B        C        D         E       F
            +---------+---------+-------+---------+---------+-------
      Total |      40 |       5 |  11.1 |      16 |       5 |  23.8
            +---------+---------+-------+---------+---------+-------
        D:1 |      40 |       5 |  11.1 |      16 |       5 |  23.8
            +---------+---------+-------+---------+---------+-------
